 Dungeon Crawl Stone Soup version 0.32-a0-779-g362cfcae2a (webtiles) character file.

Game seed: 13995114942515604454

120 910rd the Trooper (level 5, -7/42 HPs)
             Began as a Djinni Monk on Mar 18, 2024.
             Mangled by an ogre
             ... wielding a +0 giant spiked club
              (24 damage)
             ... on level 4 of the Dungeon on Mar 19, 2024.
             The game lasted 00:09:24 (2372 turns).

910rd the Trooper (Djinni Monk)                     Turns: 2372, Time: 00:09:25

Health: -7/42      AC:  3    Str: 10    XL:     5   Next: 25%
Gold:   132        EV: 11    Int: 13    God:
                   SH:  0    Dex: 16

rFire   + + .        f - +2 short sword (venom)
rCold   x . .        d - orb {light}
rNeg    . . .        e - +0 leather armour
rPois   ∞            (no helmet)
rElec   .            (no cloak)
rCorr   .            (no gloves)
SInv    .            (boots unavailable)
Will    .....        (no amulet)
Stlth   +            (no ring)
HPRegen 0.27/turn    (no ring)
MPRegen 0.00/turn

%: infuse magic (-8 HP)
@: flying, glowing
A: sickness immunity, fire resistance 2, cold vulnerability 1, float, innate
caster, HP casting, extra vitality 1
a: no special abilities


You were on level 4 of the Dungeon.
You visited 1 branch of the dungeon, and saw 4 of its levels.

You collected 168 gold pieces.
You spent 36 gold pieces at shops.

Inventory:

Hand Weapons
 a - a +0 falchion
 f - a +2 short sword of venom (weapon)
 i - a +0 short sword of holy wrath
 p - a +2 whip of distortion
 t - a +1 dagger of draining
 u - a +0 vampiric dagger
Missiles
 g - 14 boomerangs
Armour
 b - a +0 robe
 d - an orb of light (worn)
 e - a +0 leather armour (worn)
Scrolls
 l - 5 scrolls of identify {unknown}
 q - 4 scrolls of teleportation
 r - a scroll of blinking {unknown}
 v - a scroll of enchant armour {unknown}
 w - 3 scrolls of silence {unknown}
Potions
 c - a potion of ambrosia
 h - 3 potions of lignification {unknown}
 j - a potion of invisibility {unknown}
 k - 3 potions of mutation {unknown}
 m - a potion of enlightenment {unknown}
 n - 3 potions of curing {unknown}
 o - 2 potions of degeneration {unknown}
 s - a potion of heal wounds {unknown}


   Skills:
 + Level 4.7 Fighting
 - Level 2.6 Long Blades
 - Level 3.2 Dodging
 - Level 2.0 Spellcasting
 - Level 2.0 Conjurations
 - Level 2.0 Hexes
 - Level 2.0 Summonings
 - Level 2.0 Necromancy
 - Level 2.0 Translocations
 - Level 2.0 Fire Magic
 - Level 2.0 Ice Magic
 - Level 2.0 Air Magic
 - Level 2.0 Earth Magic
 - Level 2.0 Alchemy


You knew the following spells:

 Your Spells              Type           Power      Damage    Failure   Level
a - Magic Dart            Conj           24%        1d4       16%         1
b - Searing Ray           Conj           12%        2d4       22%         2
Your spell library was empty.

Dungeon Overview and Level Annotations

Branches:
Dungeon (4/15) Zot: 21629
 Temple: D:4-7

Altars:

Shops:
D:3 =**=

Annotations:
D:1 exclusion: downstairs
D:2 Sigmund
D:3 3 runed translucent doors, DeathSocks's ghost, amateur DEHW


Innate Abilities, Weirdness & Mutations

You are immune to sickness and miasma.
You are immune to poison.
Your flesh is very heat resistant. (rF++)
You are vulnerable to cold. (rC-)
You float through the air rather than walking.
You learn spells naturally, not from books.
Your magical power is your life essence.
You have superior vitality. (+4 MHP)


Message History

Aiming: Searing Ray (safe; 22% risk of failure)
Press: ? - help, Shift-Dir - straight line, f - ogre
Aim: an ogre, wielding a +0 giant spiked club (88% to hit)
The searing ray hits the ogre.
The ogre is lightly wounded. (Press . to maintain the ray.)
You take 2 damage, and have 40/42 hp.
The searing ray hits the ogre.
The ogre is moderately wounded.
You take 1 damage, and have 39/42 hp.
The searing ray hits the ogre.
The ogre is heavily wounded.
You take 1 damage, and have 38/42 hp.
The searing ray hits the ogre.
The ogre is severely wounded.
You finish channelling your searing ray.
The ogre hits you with a +0 giant spiked club!!
* * * LOW HITPOINT WARNING * * *
You take 18 damage, and have 20/42 hp.
AAAAAHHHHHHH You aren't carrying any items that you can evoke.
Unknown command.
Casting: Searing Ray (safe; 22% risk of failure)
Confirm with . or Enter, or press ? or * to list all spells.
Aiming: Searing Ray (safe; 22% risk of failure)
Press: ? - help, Shift-Dir - straight line, f/p - ogre
Aim: an ogre, wielding a +0 giant spiked club (severely wounded, haloed, 91% to hit)
The searing ray hits the ogre.
The ogre is almost dead. (Press . to maintain the ray.)
* * * LOW HITPOINT WARNING * * *
A kobold brigand comes into view.
It is wielding a +0 short sword and quivering poisoned darts.
You take 2 damage, and have 18/42 hp.
The searing ray hits the ogre.
The ogre is almost dead.
* * * LOW HITPOINT WARNING * * *
The kobold brigand shouts!
The ogre hits you with a +0 giant spiked club!!
Ouch! That really hurt!
You die...

#..#########
........O@.#
.....K####.#
..... #.#
.... #.# ...
#.# .. #.# .
#.# #.# #.#


You could see a kobold brigand and an ogre.

Vanquished Creatures
  7 adders
  An orc (D:3)
  4 endoplasms
  A giant cockroach (D:1)
  8 goblins
  7 hobgoblins
  4 jackals (D:3)
  10 kobolds
  A quokka (D:3)
  4 ball pythons
  4 bats
  2 frilled lizards
  2 rats
55 creatures vanquished.

Notes
Turn   | Place    | Note
-------+----------+-------------------------------------------
     0 | D:1      | 910rd the Djinni Monk began the quest for the Orb.
     0 | D:1      | Reached XP level 1. HP: 20/20 MP: 0/0
   148 | D:1      | Reached XP level 2. HP: 23/25 MP: 0/0
   456 | D:1      | Reached skill level 4 in Fighting
   456 | D:1      | Reached XP level 3. HP: 31/31 MP: 0/0
   456 | D:1      | Learned a level 1 spell: Magic Dart
   654 | D:2      | Reached skill level 1 in Spellcasting
   654 | D:2      | Reached skill level 1 in Conjurations
   654 | D:2      | Reached skill level 1 in Hexes
   654 | D:2      | Reached skill level 1 in Summonings
   654 | D:2      | Reached skill level 1 in Necromancy
   654 | D:2      | Reached skill level 1 in Translocations
   654 | D:2      | Reached skill level 1 in Fire Magic
   654 | D:2      | Reached skill level 1 in Ice Magic
   654 | D:2      | Reached skill level 1 in Air Magic
   654 | D:2      | Reached skill level 1 in Earth Magic
   654 | D:2      | Reached skill level 1 in Alchemy
   740 | D:2      | Reached XP level 4. HP: 33/37 MP: 0/0
   850 | D:2      | Noticed Sigmund
   859 | D:1      | Upgraded the game from 0.32-a0-768-g0f6f1dd4b9 to
                  | 0.32-a0-779-g362cfcae2a
  1362 | D:3      | Found a runed translucent gate.
  1362 | D:3      | Found a runed translucent gate.
  1362 | D:3      | Found a runed translucent gate.
  1370 | D:3      | Noticed DeathSocks's ghost (amateur DEHW)
  1406 | D:3      | Reached XP level 5. HP: 39/42 MP: 0/0
  1406 | D:3      | Learned a level 2 spell: Searing Ray
  1415 | D:3      | Found Ynegraap's Assorted Antiques.
  1438 | D:3      | Bought a scroll labelled MUZOUC RIEBU for 19 gold pieces
  1438 | D:3      | Bought a golden potion for 17 gold pieces
  1477 | D:3      | Found Winuczyn's Assorted Antiques.
  1496 | D:3      | Found Vell's Jewellery Emporium.
  1550 | D:3      | Found Koroiss's Distillery.
  1557 | D:3      | Found Hucu's Jewellery Emporium.
  1924 | D:3      | Found a faded altar of an unknown god.
  2363 | D:4      | Noticed an ogre
  2371 | D:4      | Noticed a kobold brigand
  2372 | D:4      | Mangled by an ogre

Illustrated notes

Levels and vault maps discovered:
D:1:      ebering_hopf_link, layout_rooms
D:2:      layout_rooms, grunt_ministairs_12, uniq_sigmund
D:3:      layout_basic, shapermc_ecumenical_altar_pompeii,
          ebering_ghost_rock_garden, serial_shops,
          nicolae_shop_tiny_statue_garden, shop, shop,
          nicolae_shop_tiny_real_fake_doors, shop
D:4:      layout_basic, minmay_close_crescents

Skill      XL: |  1  2  3  4 |
---------------+-------------+-----
Fighting       | 4 |  4.7
Spellcasting   | 1 2 |  2.0
Conjurations   | 1 2 |  2.0
Hexes          | 1 2 |  2.0
Summonings     | 1 2 |  2.0
Necromancy     | 1 2 |  2.0
Translocations | 1 2 |  2.0
Fire Magic     | 1 2 |  2.0
Ice Magic      | 1 2 |  2.0
Air Magic      | 1 2 |  2.0
Earth Magic    | 1 2 |  2.0
Alchemy        | 1 2 |  2.0
Long Blades    | |  2.6
Dodging        | |  3.2

Action                     |  1- 3 |  4- 6 || total
---------------------------+-------+-------++-------
  Melee: Falchion          |    10 |       ||    10
         Short sword       |    50 |    29 ||    79
  Throw: Boomerang         |     7 |       ||     7
   Cast: Magic Dart        |     6 |    57 ||    63
         Searing Ray       |       |     2 ||     2
    Use: Scroll            |     1 |       ||     1
 Armour: Leather armour    |    22 |    24 ||    46
         Robe              |     4 |       ||     4
  Dodge: Dodged            |    47 |    21 ||    68

Table legend: (Time is in decaauts)
 A = Elapsed time spent in this place.
 B = Non-inter-level travel time spent in this place.
 C = Inter-level travel time spent in this place.
 D = Time resting spent in this place.
 E = Time spent auto-exploring this place.
 F = Levels seen in this place.
 G = Mean time per level.
                   A        B        C        D        E       F      G
               +--------+--------+--------+--------+--------+-----+--------+
         Total |   2369 |   2283 |     86 |    116 |   1692 |   4 |  592.2 |
       Dungeon |   2369 |   2283 |     86 |    116 |   1692 |   4 |  592.2 |
               +--------+--------+--------+--------+--------+-----+--------+

Top non-repeatable levels by time:
     D:3: 949 daAuts
     D:1: 694 daAuts
     D:2: 616 daAuts
     D:4: 108 daAuts
